 Dungeon Crawl Stone Soup version 0.28-a0-991-g956f0ee3d5 (webtiles) character file.

Game seed: 13093037195074603107

232 Colgate the Magician (level 6, -1/42 HPs)
             Began as a Djinni Transmuter on Dec 5, 2021.
             Was a Priest of Lugonu.
             Slain by a gnoll (8 damage)
             ... on level 2 of the Dungeon.
             The game lasted 00:31:59 (5969 turns).

Colgate the Magician (Djinni Transmuter)            Turns: 5969, Time: 00:32:01

Health: -1/42      AC:  3    Str:  9    XL:     6   Next: 25%
Gold:   19         EV: 12    Int: 16    God:    Lugonu [***...] SH:  0 Dex: 14

rFire   + + .      SeeInvis .     - Unarmed
rCold   x . .      Faith    .   (no shield)
rNeg    . . .      Spirit   .   a - +0 robe
rPois   ∞          Reflect  .   (no helmet)
rElec   .          Harm     .   r - +0 cloak
rCorr   .          Rampage  .   (no gloves)
Will    .....                   (boots unavailable)
Stlth   +.........              (no amulet)
HPRegen 0.14/turn               (no ring)
MPRegen 0.00/turn               (no ring)

@: flying
A: sickness immunity, fire resistance 2, cold vulnerability 1, float, innate
caster, hp casting, extra vitality 1
a: Renounce Religion, Depart the Abyss, Bend Space, Banish


You were on level 2 of the Dungeon.
You worshipped Lugonu.
Lugonu was most pleased with you.
You visited 1 branch of the dungeon, and saw 3 of its levels.
You also visited: Sewer.

You collected 64 gold pieces.
You spent 45 gold pieces at shops.

Inventory:

Missiles
 b - 4 silver javelins (quivered)
 d - 45 stones
Armour
 a - a +0 robe (worn)
 p - a +0 leather armour
 r - a +0 cloak (worn)
Wands
 g - a wand of polymorph (13)
 q - a wand of flame (14)
Scrolls
 f - 2 scrolls of fear {unknown}
 k - a scroll of blinking {unknown}
 l - a scroll of enchant armour {unknown}
 m - a scroll of enchant weapon {unknown}
 o - a scroll of identify
Potions
 c - a potion of lignification {unknown}
 e - a potion of degeneration {unknown}
 h - a potion of invisibility {unknown}
 i - a potion of resistance {unknown}
 j - 4 potions of haste {unknown}
 n - 2 potions of magic {unknown}


   Skills:
 - Level 1.0 Fighting
 - Level 2.1 Dodging
 - Level 4.0 Unarmed Combat
 + Level 4.1 Spellcasting


You couldn't memorise any spells.
You knew the following spells:

 Your Spells              Type           Power      Damage    Failure   Level
a - Beastly Appendage     Tmut           32%        N/A       3%          1
b - Wereblood             Tmut           16%        N/A       4%          2
c - Spider Form           Tmut/Pois      16%        N/A       9%          3
d - Ice Form              Ice/Tmut       16%        N/A       30%         4
e - Freeze                Ice            64%        1d8       3%          1
f - Poisonous Vapours     Pois/Air       32%        N/A       4%          2
Your spell library was empty.

Dungeon Overview and Level Annotations

Branches:
Dungeon (3/15)              Sewer (visited)

Altars:
Lugonu

Shops:
D:1 !!?*[


Innate Abilities, Weirdness & Mutations

You are immune to sickness and miasma.
You are immune to poison.
Your flesh is very heat resistant. (rF++)
You are vulnerable to cold. (rC-)
You float through the air rather than walking.
You learn spells naturally, not from books.
Your magical power is your life essence.
You have superior vitality. (+4 HP)


Message History

The gnoll closely misses you.
There is an open door here.
As you close the door, it creaks loudly!
A gnoll breaks down the door.
It's broken and can't be closed.
There is a stone staircase leading up here.
The gnoll closely misses you.
There is a stone staircase leading up here.
The gnoll hits you from afar with a +0 halberd!
* * * LOW HITPOINT WARNING * * *
The gnoll misses you.
You fly upwards.
There is a stone staircase leading down here.
The gnoll hits you from afar with a +0 spear.
* * * LOW HITPOINT WARNING * * *
The gnoll barely misses you.
Your magical contamination has completely faded away.
Casting: Ice Form (quite dangerous; 30% risk of failure)
Confirm with . or Enter, or press ? or * to list all spells.
Aiming: Poisonous Vapours (safe; 4% risk of failure)
Press: ? - help, Dir - move target, f - gnoll
Aim: a gnoll, wielding a +0 spear (heavily wounded) Poisonous vapours surround the gnoll!
The gnoll is poisoned.
* * * LOW HITPOINT WARNING * * *
Casting: Poisonous Vapours (safe; 4% risk of failure)
Confirm with . or Enter, or press ? or * to list all spells.
Aiming: Poisonous Vapours (safe; 4% risk of failure)
Press: ? - help, Dir - move target, f/p - gnoll
Aim: a gnoll, wielding a +0 spear (heavily wounded, poisoned) Poisonous vapours surround the gnoll!
The gnoll looks even sicker.
* * * LOW HITPOINT WARNING * * *
Casting: Poisonous Vapours (safe; 4% risk of failure)
Confirm with . or Enter, or press ? or * to list all spells.
Aiming: Poisonous Vapours (safe; 4% risk of failure)
Press: ? - help, Dir - move target, f/p - gnoll
Aim: a gnoll, wielding a +0 spear (heavily wounded, very poisoned) Poisonous vapours surround the gnoll!
The gnoll looks even sicker.
* * * LOW HITPOINT WARNING * * *
The gnoll hits you from afar with a +0 spear!
You die...

# #.......#.## #.# #
#........## #<#
#.[)....## #.# ##
#.......# #.# .#
#.......# ########.# .#
####.##.######........#
.#
#........##...#######
.# #..#..##g#<.....# .#
#.<#.###.#.@..#.## .#
#..#.# #.#.#.#...## ##
#..#.###.#.#.g....#
#..#.##.#..###....#
#..#...###.# ##.#.##
#..#..#.#.## #...[####
######..#..##.##
#.......#
...........##.##
##...##.#
######.........#
##.###.#


You could see a gnoll (very poisoned).

Vanquished Creatures
  Pargi (Sewer)
  Crazy Yiuf (D:3)
  3 adders
  A dart slug (D:1)
  8 orcs
  5 bats
  2 endoplasms
  A giant cockroach (D:3)
  8 goblins
  3 hobgoblins
  3 jackals (D:1)
  6 kobolds
  3 quokkas
  7 ball pythons
  10 frilled lizards
  8 rats
70 creatures vanquished.

Notes
Turn   | Place    | Note
-------+----------+-------------------------------------------
     0 | D:1      | Colgate the Djinni Transmuter began the quest for the Orb.
     0 | D:1      | Reached XP level 1. HP: 17/17 MP: 0/0
   125 | D:1      | Found Zaucets's Distillery.
   380 | D:1      | Found Yploffew's Assorted Antiques.
   575 | D:1      | Found Dupimmol's Magic Scroll Emporium.
   582 | D:1      | Reached XP level 2. HP: 19/22 MP: 0/0
   679 | D:1      | Found Syziuss's Distillery.
   908 | D:1      | Found Punkeque's Armour Emporium.
  1014 | D:1      | Found a faded altar of an unknown god.
  1165 | D:1      | Prayed at the altar of an unknown god.
  1165 | D:1      | Became a worshipper of Lugonu the Unformed
  1165 | D:1      | Reached * piety under Lugonu
  1165 | D:1      | Reached ** piety under Lugonu
  1235 | D:1      | Reached XP level 3. HP: 25/27 MP: 0/0
  1235 | D:1      | Learned a level 1 spell: Freeze
  2269 | D:1      | Bought a smoky coppery potion for 21 gold pieces
  2269 | D:1      | Bought a scroll labelled TIDOEM CYRRUAS for 24 gold pieces
  2532 | D:2      | Reached XP level 4. HP: 29/32 MP: 0/0
  3914 | D:3      | Found a glowing drain.
  3953 | Sewer    | Entered a sewer
  4164 | Sewer    | Noticed Pargi
  4372 | Sewer    | Killed Pargi
  4373 | Sewer    | Reached XP level 5. HP: 11/37 MP: 0/0
  4373 | Sewer    | Learned a level 2 spell: Poisonous Vapours
  4782 | D:3      | Reached XP level 6. HP: 42/42 MP: 0/0
  5401 | D:3      | Reached *** piety under Lugonu
  5684 | D:3      | Found a runed translucent door.
  5685 | D:3      | Noticed Crazy Yiuf
  5692 | D:3      | Killed Crazy Yiuf
  5969 | D:2      | Slain by a gnoll

Illustrated notes

Levels and vault maps discovered:
D:1:      pf_arrival_petrified_forest, layout_basic,
          shapermc_ecumenical_altar_pompeii, serial_shops, shop, shop,
          nicolae_diamond_shop, shop, nicolae_shop_stone, chequers_big_river,
          grunt_decor_junction
D:2:      layout_loops_ring, wad_orctagon
D:3:      layout_loops_corners, portal_sewer_entry_c, uniq_crazy_yiuf_cottage

Skill      XL: |  1  2  3  4  5  6 |
---------------+-------------------+-----
Unarmed Combat | 4 |  4.0
Spellcasting   | 2 3 4 |  4.1
Fighting       | |  1.0
Dodging        | |  2.1

Action                   |  1- 3 |  4- 6 || total
-------------------------+-------+-------++-------
Melee: Unarmed           |   101 |    65 ||   166
       Headbutt          |     6 |       ||     6
       Punch             |     1 |       ||     1
Throw: Stone             |    28 |    17 ||    45
       Boomerang         |       |    26 ||    26
 Cast: Beastly Appendage |    15 |       ||    15
       Wereblood         |     4 |     3 ||     7
       Spider Form       |    12 |    12 ||    24
       Ice Form          |       |     5 ||     5
       Poisonous Vapours |       |    30 ||    30
 Abil: End Transformatio |       |     1 ||     1
  Use: Scroll            |       |     4 ||     4
Armor: Robe              |    12 |     4 ||    16
       Skin              |     2 |    16 ||    18
Dodge: Dodged            |    94 |    55 ||   149

Table legend: (Time is in decaauts)
 A = Elapsed time spent in this place.
 B = Non-inter-level travel time spent in this place.
 C = Inter-level travel time spent in this place.
 D = Time resting spent in this place.
 E = Time spent auto-exploring this place.
 F = Levels seen in this place.
 G = Mean time per level.
                   A        B        C        D        E       F      G
               +--------+--------+--------+--------+--------+-----+--------+
         Total |   5978 |   5822 |    156 |      0 |   4614 |   4 | 1494.5 |
       Dungeon |   5152 |   4996 |    156 |      0 |   4054 |   3 | 1717.3 |
         Sewer |    826 |    826 |      0 |      0 |    560 |   1 |  826.0 |
               +--------+--------+--------+--------+--------+-----+--------+

Top non-repeatable levels by time:
     D:2: 2339 daAuts
     D:1: 1578 daAuts
     D:3: 1233 daAuts
   Sewer: 826 daAuts
